 Dungeon Crawl Stone Soup version 0.28-a0-674-gdaf460b524 (webtiles) character file.

Game seed: 7781747328328035401

15512 kipponium the Fencer (level 12, -1/86 HPs)
             Began as a Formicid Fighter on Oct 17, 2021.
             Was a High Priest of Jiyva.
             Slain by a two-headed ogre (3 damage)
             ... on level 2 of the Orcish Mines.
             The game lasted 00:38:57 (14713 turns).

kipponium the Fencer (Formicid Fighter)            Turns: 14713, Time: 00:38:58

Health: -1/86      AC: 10    Str: 27    XL:     12   Next: 58%
Magic:  3/3        EV: 12    Int:  8    God:    Jiyva [*****.]
Gold:   992        SH:  5    Dex: 15    Spells: 11/11 levels left

rFire   . . .      SeeInvis +   t - +7 Screaming Sword {vorpal, sonic wave}
rCold   + + +      Faith    .   c - +0 buckler
rNeg    . . .      Spirit   .   o - +1 leather armour of Experimentation {rElec rC+++ MP-9 SInv}
rPois   +          Reflect  .   (helmet unavailable)
rElec   +          Harm     .   y - +0 cloak
rCorr   +          Rampage  .   z - +2 pair of gloves of Plasticity {Dex+2 Slay+2}
Will    +....                   i - +2 pair of boots {Fly}
Stlth   +.........              (no amulet)
HPRegen 0.24/turn               e - +6 ring of dexterity
MPRegen 0.08/turn               w - ring of poison resistance

@: flying
A: permanent stasis, dig shafts and tunnels, antennae 3, four strong arms,
clumsy 1, cold resistance 1, deformed body, jelly sensing items
a: Dig, Shaft Self, Renounce Religion, Request Jelly, Slimify, Cure Bad Mutation


You were on level 2 of the Orcish Mines.
You worshipped Jiyva.
Jiyva was extremely pleased with you.
You visited 3 branches of the dungeon, and saw 14 of its levels.
You also visited: Bailey.

You collected 1272 gold pieces.
You spent 280 gold pieces at shops.

Inventory:

Hand Weapons
 l - a +3 scimitar of flaming
 t - the +7 Screaming Sword (weapon) {vorpal, sonic wave}
   (You found it on level 5 of the Dungeon)

   It inflicts extra damage upon your enemies.
   It radiates damaging sonic waves as it strikes, especially in combat
   involving dangerous or numerous foes.
 v - a +1 glaive of draining
Missiles
 j - 46 poisoned darts (quivered)
Armour
 b - a +0 scale mail
 c - a +0 buckler (worn)
 i - a +2 pair of boots of flying (worn)
 o - the +1 leather armour of Experimentation (worn) {rElec rC+++ MP-9 SInv}
   (You found it on level 8 of the Dungeon)

   rC:        It renders you almost immune to cold.
   rElec:     It insulates you from electricity.
   MP:        It affects your magic capacity (-9).
   SInv:      It lets you see invisible.
 y - a +0 cloak (worn)
 z - the +2 pair of gloves of Plasticity (worn) {Dex+2 Slay+2}
   (You found it on level 11 of the Dungeon)

   Dex:       It affects your dexterity (+2).
   Slay:      It affects your accuracy & damage with ranged weapons and melee
   (+2).
Jewellery
 e - a +6 ring of dexterity (left hand)
 s - a ring of protection from fire
 w - a ring of poison resistance (right hand)
Wands
 d - a wand of iceblast (5)
 x - a wand of paralysis (5)
 A - a wand of charming (8)
Scrolls
 a - a scroll of magic mapping
 q - 2 scrolls of summoning
 u - a scroll of enchant armour
 C - a scroll of noise {unknown}
 D - a scroll of immolation {unknown}
Potions
 f - 2 potions of brilliance
 g - 2 potions of haste {unknown}
 h - 3 potions of lignification
 m - 2 potions of flight
 n - a potion of invisibility
 p - a potion of heal wounds
 r - 3 potions of curing


   Skills:
 + Level 5.5 Fighting
 - Level 16.0 Long Blades
 - Level 9.4 Polearms
 - Level 0.2(1.7) Slings
 + Level 2.6 Throwing
 + Level 4.3 Armour
 + Level 1.6 Dodging
 - Level 3.6 Shields
 - Level 0.9 Summonings


You had 11 spell levels left.
You didn't know any spells.
Your spell library contained the following spells:

 Spells                   Type           Power      Damage    Failure   Level
 Sandblast                Erth           0%         2d4       43%         1
 Passwall                 Tmut/Erth      0%         N/A       58%         2
 Stone Arrow              Conj/Erth      0%         3d7       82%         3


Dungeon Overview and Level Annotations

Branches:
Dungeon (11/15)            Temple (1/1) D:5            Lair (0/6) D:9
    Orc (2/2) D:11            Elf (0/3) Orc:2        Bailey (visited)

Altars:
Ashenzari
Cheibriados
Dithmenos
Fedhas
Gozag
Hepliaklqana
Kikubaaqudgha
Nemelex Xobeh
Okawaru
Qazlal
Ru
Sif Muna
Trog
Vehumet
The Shining One
Beogh
Jiyva

Shops:
D:10 *

Annotations:
D:2 Terence


Innate Abilities, Weirdness & Mutations

You cannot be hasted, slowed, berserked, paralysed or teleported.
You can dig through walls and to a lower floor.
You have a pair of large antennae on your head. (SInv)
Your four strong arms can wield two-handed weapons with a shield.
You are clumsy. (Dex -2)
Your flesh is cold resistant. (rC+)
Armour fits poorly on your strangely shaped body.
You have a small jelly attached to you that senses nearby items.


Message History

The ogre mage gestures at the two-headed ogre while chanting.
The two-headed ogre shouts in stereo!
The two-headed ogre seems to speed up.
You hear a slurping noise.
You feel better. Jiyva appreciates your sacrifice. x3
You feel better. x2
Aiming: Paralyse
Press: ? - help, Shift-Dir - straight line, f - two-headed ogre
Aim: a two-headed ogre, wielding a +0 giant club and a +0 dire flail (fast, chance to affect: 28%)
Okay, then.
Aiming: Charm
Press: ? - help, Shift-Dir - straight line, f - two-headed ogre
Aim: a two-headed ogre, wielding a +0 giant club and a +0 dire flail (fast, chance to affect: 28%)
The two-headed ogre easily resists.
You block the ogre's attack.
The jelly hits the two-headed ogre but does no damage.
The jelly completely misses the ogre.
A two-headed ogre comes into view. It is wielding two +0 giant clubs.
The two-headed ogre shouts in stereo!
The two-headed ogre hits you with a +0 giant club!!
* * * LOW HITPOINT WARNING * * *
You block the two-headed ogre's attack.
The jelly hits the ogre.
The ogre is splashed with acid.
The acid corrodes the ogre!
You feel much better.
The jelly hits the ogre mage but does no damage.
As you read the scroll labelled CANOUM SICH, it crumbles to dust.
You feel aware of your surroundings.
You sensed 4 shops/portals.
It was a scroll of magic mapping.
The two-headed ogre hits you with a +0 giant club.
The two-headed ogre hits you with a +0 dire flail.
The two-headed ogre barely misses you.
The two-headed ogre hits you with a +0 dire flail.
As you read the scroll labelled PUCUSI KASTRAU, it crumbles to dust.
It is a scroll of enchant weapon.
Your +2 scimitar of flaming glows red for a moment.
The two-headed ogre hits you with a +0 giant club!!
* * * LOW HITPOINT WARNING * * *
The two-headed ogre hits you with a +0 dire flail.
You die...

*#.......#.......
##.......#.#......
#.................
#...#.............
##..***#.....).....
*...* #...........
##O## ##....J).....
#...# #....>..)...<
*#@.###......J.....
#OO.##............
##OJ#.O......#....
#...#...######...
##......# ###.
*#......## ##...
*#.#.....# ***#....
#....J#.##**.##....
#......## *........


You could see 2 two-headed ogres, an ogre mage, an ogre (corroded) and 2 neutral
jellies (fellow slime).

Vanquished Creatures
  Erolcha (Orc:1)
  A boulder beetle (D:9)
  Erica (D:11)
  4 two-headed ogres
  Pikel (D:2)
  An orc knight (Bailey)
  A cyclops (D:11)
  Maurice (D:10)
  A gargoyle (D:10)
  Maggie (D:6)
  Psyche (D:9)
  An unseen horror (D:11)
  A kobold demonologist (D:10)
  4 trolls
  Prince Ribbit (D:8)
  A hornet (D:9)
  2 shadows
  Sigmund (D:4)
  3 wyverns
  6 yaks (D:9)
  A steam dragon (D:7)
  Edmund (D:6)
  An acid dragon (D:11)
  A water moccasin (D:9)
  2 hornet zombies (D:9)
  20 orc warriors
  A black bear (D:4)
  4 ice beasts
  3 centaurs
  8 ogres
  4 lemures
  9 scorpions
  A wyvern zombie (D:8)
  A wyvern skeleton (D:6)
  3 killer bees (D:9)
  2 howler monkeys (D:8)
  2 hounds
  2 centaur zombies
  13 orc priests
  A bullfrog skeleton (D:5)
  A gnoll shaman (D:7)
  An iguana (D:9)
  Natasha (twice) (D:4)
  9 orc wizards
  A hound skeleton (D:4)
  Robin (D:2)
  5 adders
  7 gnolls
  2 white imps
  7 worms
  2 dart slugs (D:4)
  25 orcs
  10 ball pythons
  8 bats
  5 endoplasms
  6 giant cockroaches
  19 goblins
  14 hobgoblins
  2 quokkas (D:2)
  19 kobolds
  6 rats
266 creatures vanquished.

Vanquished Creatures (others)
  43 jellies
  An orc warrior (D:9)
  An ice beast (D:6)
  2 centaurs (D:10)
  A scorpion (D:5)
  3 killer bees (D:9)
  2 wights (D:9)
  A centaur zombie (D:8)
  An orc priest (D:7)
  An iguana (D:9)
  An orc wizard (D:9)
  3 gnolls
  4 adders
  A white imp (D:6)
  9 orcs
  2 goblins
  2 kobolds (Bailey)
  3 bats (D:5)
  A bush (D:9)
  16 fungi
  43 plants
141 creatures vanquished.

Grand Total: 407 creatures vanquished

Notes
Turn   | Place    | Note
-------+----------+-------------------------------------------
     0 | D:1      | kipponium the Formicid Fighter began the quest for the Orb.
     0 | D:1      | Reached XP level 1. HP: 18/18 MP: 1/1
   135 | D:1      | Reached XP level 2. HP: 23/24 MP: 2/2
   484 | D:1      | Reached XP level 3. HP: 29/29 MP: 3/3
   988 | D:2      | Reached XP level 4. HP: 22/35 MP: 4/4
  1282 | D:2      | Noticed Robin
  1296 | D:2      | Killed Robin
  1500 | D:2      | Noticed Terence
  1531 | D:2      | You fall into a shaft and drop 1 floor!
  1889 | D:3      | Reached XP level 5. HP: 40/41 MP: 5/5
  1964 | D:3      | Found a faded altar of an unknown god.
  2179 | D:3      | Reached skill level 5 in Polearms
  2439 | D:4      | Noticed Sigmund
  2444 | D:4      | Gained mutation: Your flesh is cold resistant. (rC+)
                  | [potion of mutation]
  2450 | D:4      | Killed Sigmund
  2451 | D:4      | Reached XP level 6. HP: 36/47 MP: 6/6
  2701 | D:4      | Reached XP level 7. HP: 52/52 MP: 7/7
  2715 | D:4      | Found a sparkling altar of Nemelex Xobeh.
  2794 | D:4      | Found a broken altar of Ashenzari.
  2804 | D:4      | Noticed Pikel
  3206 | D:2      | You fall into a shaft and drop 2 floors!
  4263 | D:4      | Noticed Natasha
  4275 | D:4      | Killed Natasha
  4865 | D:5      | Entered Level 5 of the Dungeon
  4954 | D:4      | Noticed Natasha
  4962 | D:4      | Killed Natasha
  5491 | D:5      | Reached XP level 8. HP: 58/58 MP: 8/8
  5517 | D:5      | Found a hazy altar of Hepliaklqana.
  5521 | D:5      | Found a shadowy altar of Dithmenos.
  5526 | D:5      | Found a sacrificial altar of Ru.
  5832 | D:5      | Reached skill level 1 in Throwing
  6001 | D:5      | Found a staircase to the Ecumenical Temple.
  6014 | Temple   | Entered the Ecumenical Temple
  6018 | Temple   | Became a worshipper of Jiyva Jyugriuz the Shapeless
  6092 | D:5      | Found an opulent altar of Gozag.
  6291 | D:5      | Found the +7 Singing Sword {vorpal, sonic wave}
  6708 | D:6      | Reached skill level 1 in Long Blades
  6856 | D:6      | Noticed Maggie
  7123 | D:2      | You are sucked into a shaft and drop 1 floor!
  7416 | D:2      | Killed Pikel
  7417 | D:2      | Reached skill level 5 in Long Blades
  7417 | D:2      | Reached XP level 9. HP: 63/64 MP: 9/9
  7530 | D:2      | Reached * piety under Jiyva
  7823 | D:6      | Killed Maggie
  7824 | D:6      | Reached skill level 6 in Long Blades
  8251 | D:6      | Reached skill level 7 in Long Blades
  8433 | D:6      | Noticed Edmund
  8443 | D:6      | Killed Edmund
  8535 | D:6      | Found a shimmering blue altar of Sif Muna.
  8753 | D:7      | Found a flagged portal.
  8762 | Bailey   | Entered a bailey
  8768 | Bailey   | Noticed an orc knight
  8790 | Bailey   | Reached skill level 8 in Long Blades
  8994 | Bailey   | Reached XP level 10. HP: 33/70 MP: 10/10
  9081 | Bailey   | Reached ** piety under Jiyva
  9155 | Bailey   | Reached *** piety under Jiyva
  9256 | Bailey   | Killed an orc knight
  9257 | Bailey   | Reached skill level 9 in Long Blades
  9268 | Bailey   | Gained mutation: You have a small jelly attached to you
                  | that may absorb incoming projectiles. [Jiyva's grace]
  9726 | D:7      | Reached skill level 10 in Long Blades
  9732 | D:7      | Reached **** piety under Jiyva
 10073 | D:7      | Gained mutation: Armour fits poorly on your strangely
                  | shaped body. [Jiyva's grace]
 10208 | D:4      | Lost mutation: Armour fits poorly on your strangely shaped
                  | body. [potion of mutation]
 10208 | D:4      | Lost mutation: You have a small jelly attached to you that
                  | may absorb incoming projectiles. [potion of mutation]
 10208 | D:4      | Gained mutation: Your body sometimes deteriorates upon
                  | taking damage. [potion of mutation]
 10553 | D:8      | Noticed Prince Ribbit
 10565 | D:8      | Killed Prince Ribbit
 10764 | D:8      | Identified the +1 leather armour of Experimentation {rElec
                  | rC+++ MP-9 SInv}
 10807 | D:8      | Reached skill level 11 in Long Blades
 11105 | D:9      | Noticed Psyche
 11112 | D:9      | Killed Psyche
 11250 | D:9      | Reached skill level 12 in Long Blades
 11458 | D:9      | Reached XP level 11. HP: 75/75 MP: 2/11
 11466 | D:9      | Reached skill level 13 in Long Blades
 11559 | D:9      | Reached ***** piety under Jiyva
 11937 | D:9      | Found a staircase to the Lair.
 11976 | D:9      | Found a stormy altar of Qazlal.
 11977 | D:9      | Noticed a boulder beetle
 11994 | D:9      | Killed a boulder beetle
 12277 | D:9      | Found a glowing golden altar of the Shining One.
 12351 | D:9      | Found an iron altar of Okawaru.
 12393 | D:9      | Lost mutation: Your body sometimes deteriorates upon taking
                  | damage. [Jiyva's power]
 12395 | D:10     | Entered Level 10 of the Dungeon
 12664 | D:10     | Reached skill level 14 in Long Blades
 12702 | D:10     | Gained mutation: Armour fits poorly on your strangely
                  | shaped body. [Jiyva's grace]
 12932 | D:10     | Found an ancient bone altar of Kikubaaqudgha.
 12960 | D:10     | Found Tiplaa's Serpentskin Sales.
 12966 | D:10     | Bought a ring of poison resistance for 280 gold pieces
 13015 | D:10     | Noticed Maurice
 13048 | D:10     | Killed Maurice
 13412 | D:11     | Identified the +2 pair of gloves of Plasticity {Dex+2
                  | Slay+2}
 13430 | D:11     | Noticed Erica
 13444 | D:11     | Killed Erica
 13506 | D:11     | Found a bloodstained altar of Trog.
 13523 | D:11     | Noticed a two-headed ogre
 13529 | D:11     | Killed a two-headed ogre
 13621 | D:11     | Found a staircase to the Orcish Mines.
 13637 | D:11     | Noticed a cyclops
 13644 | D:11     | Reached skill level 15 in Long Blades
 13645 | D:11     | Killed a cyclops
 13653 | D:11     | Reached XP level 12. HP: 68/81 MP: 3/12
 13904 | D:11     | Gained mutation: You are clumsy. (Dex -2) [Jiyva's grace]
 14022 | Orc:1    | Entered Level 1 of the Orcish Mines
 14105 | Orc:2    | Entered Level 2 of the Orcish Mines
 14105 | Orc:2    | Found a staircase to the Elven Halls.
 14297 | Orc:1    | Noticed Erolcha
 14307 | Orc:1    | Killed Erolcha
 14423 | Orc:2    | Noticed a two-headed ogre
 14430 | Orc:2    | Killed a two-headed ogre
 14530 | Orc:1    | Reached skill level 16 in Long Blades
 14669 | Orc:2    | Noticed a two-headed ogre
 14671 | Orc:2    | Noticed a two-headed ogre
 14678 | Orc:2    | Gained mutation: You have a small jelly attached to you
                  | that senses nearby items. [Jiyva's grace]
 14688 | Orc:2    | Reached skill level 1 in Dodging
 14690 | Orc:2    | Killed a two-headed ogre
 14691 | Orc:2    | Reached skill level 5 in Fighting
 14694 | Orc:2    | Killed a two-headed ogre
 14706 | Orc:2    | Noticed an ogre mage
 14706 | Orc:2    | Noticed a two-headed ogre
 14710 | Orc:2    | Noticed a two-headed ogre
 14713 | Orc:2    | HP: 2/86 [two-headed ogre (27)]
 14713 | Orc:2    | Slain by a two-headed ogre

Illustrated notes

Levels and vault maps discovered:
D:1:      psy_arrival_dodecagon, layout_rooms, serial_bayou,
          serial_bayou_ford_a, serial_bayou_pond_c, serial_bayou_lagoon_a,
          serial_bayou_shore_b, serial_bayou_pond_e
D:2:      layout_loops_ring, uniq_robin, uniq_terence
D:3:      layout_basic, hellmonk_ecumenical_altar_pennies_from_heaven
D:4:      layout_basic, mainiacjoe_overflow_boulevard,
          nemelex_spade_bored_becter, serial_park_tiny_2, minmay_misc_feat_room,
          minmay_crossroads, uniq_natasha, uniq_sigmund, uniq_pikel
D:5:      old_forge, layout_basic, nicolae_gozag_seed_capital,
          grunt_temple_overflow_diamond, minmay_temple_entry_tees
D:6:      layout_loops_cross, lemuel_blue_sif_altar, uniq_edmund, uniq_maggie
D:7:      layout_loops_ring, enter_bailey_8, minivault_22,
          hangedman_decor_clover_reticule, minmay_splitting_lines
D:8:      layout_basic, nicolae_zen_rock_garden, uniq_prince_ribbit1
D:9:      layout_roguey, kennysheep_okawaru_gauntlet,
          mainiacjoe_overflow_alcove_2, grunt_qazlal_clouds,
          minmay_lair_entry_grove, uniq_psyche
D:10:     layout_grid_maze, old_standard_altar, serial_rivers,
          chequers_serial_rivers_micro_e, chequers_serial_rivers_small_a,
          chequers_serial_rivers_micro_c, chequers_serial_rivers_small_3,
          chequers_serial_rivers_micro_d, chequers_serial_rivers_micro_d,
          guppyfry_shop_venom, uniq_maurice
D:11:     layout_rooms, minmay_orc_entry_temple_small, serial_rivers,
          chequers_serial_rivers_micro_a, chequers_serial_rivers_micro_d,
          chequers_serial_rivers_small_a, chequers_serial_rivers_large_a,
          chequers_serial_rivers_small_a, bloody_trog, uniq_erica
Temple:   pf_slimified_temple
Orc:1:    layout_diamond_mine, uniq_erolcha
Orc:2:    st_orc_open, layout_caves

Skill      XL: |  1  2  3  4  5  6  7  8  9 10 11 12 |
---------------+-------------------------------------+-----
Polearms       | 3 4 6 8 9 |  9.4
Throwing       | 1 2 |  2.6
Long Blades    | 5 8 12 15 16 | 16.0
Fighting       | 5 |  5.5
Dodging        | 1 |  1.6
Armour         | 4 |  4.3
Slings         | |  0.2
Shields        | |  3.6
Summonings     | |  0.9

Action                   |  1- 3 |  4- 6 |  7- 9 | 10-12 || total
-------------------------+-------+-------+-------+-------++-------
Melee: Trident           |    81 |   122 |   226 |       ||   429
       Double sword      |       |       |    45 |   211 ||   256
       Glaive            |       |       |       |    20 ||    20
       Scimitar          |       |       |       |     7 ||     7
Throw: Dart              |       |     7 |    31 |    48 ||    86
       Throwing net      |       |       |       |     1 ||     1
Invok: Cure Bad Mutation |       |       |       |     1 ||     1
 Abil: Shaft Self        |       |     1 |     2 |       ||     3
       Dig               |       |       |     4 |     3 ||     7
Evoke: Wand              |       |       |       |     1 ||     1
  Use: Potion            |     1 |     3 |     1 |     2 ||     7
       Scroll            |       |       |    11 |     4 ||    15
 Stab: Invisible         |       |       |     2 |       ||     2
       Held in net/web   |       |       |     2 |       ||     2
Armor: Scale mail        |    32 |    25 |    59 |    17 ||   133
       Leather armour    |       |       |       |    34 ||    34
Dodge: Dodged            |    34 |    30 |    70 |    89 ||   223
Block: Buckler           |    10 |    17 |    48 |    55 ||   130

Table legend: (Time is in decaauts)
 A = Elapsed time spent in this place.
 B = Non-inter-level travel time spent in this place.
 C = Inter-level travel time spent in this place.
 D = Time resting spent in this place.
 E = Time spent auto-exploring this place.
 F = Levels seen in this place.
 G = Mean time per level.
                   A        B        C        D        E       F      G
               +--------+--------+--------+--------+--------+-----+--------+
         Total |  14710 |  13861 |    849 |   4053 |   6505 |  15 |  980.7 |
       Dungeon |  13186 |  12369 |    817 |   3558 |   6118 |  11 | 1198.7 |
        Temple |      8 |      8 |      0 |      0 |      0 |   1 |    8.0 |
  Orcish Mines |    676 |    644 |     32 |     45 |    387 |   2 |  338.0 |
        Bailey |    838 |    838 |      0 |    450 |      0 |   1 |  838.0 |
               +--------+--------+--------+--------+--------+-----+--------+

Top non-repeatable levels by time:
     D:4: 1958 daAuts
     D:3: 1897 daAuts
     D:5: 1652 daAuts
     D:9: 1301 daAuts
     D:2: 1236 daAuts
     D:6: 1077 daAuts
    D:10: 1005 daAuts
     D:1: 921 daAuts
  Bailey: 838 daAuts
     D:8: 805 daAuts
     D:7: 728 daAuts
    D:11: 603 daAuts
   Orc:1: 431 daAuts
   Orc:2: 244 daAuts
  Temple: 8 daAuts
